Unix NetHack Version 5.0.0-0 post-release - last build May 31 2026 23:59:36 (970b52f25bf058293b47ddfd14a1e40e571c508c,branch:main).

Game began 2026-06-08 02:23:07, ended 2026-06-08 02:30:54.

IanCurtis, chaotic male elven Wizard

                          -------       --------
                          .......       |....[.|  #
                          |.....|       |......|  @
                          ......|       |......|  a
                          |.<...|  #####-......-###
                          |......#####  |......|
                          |.*...|       -----.--
                          -------

IanCurtis the Conjurer    St:13 Dx:11 Co:11 In:20 Wi:17 Ch:11  Chaotic
Dlvl:5  $:42 HP:0(25) Pw:45(63) AC:9  Xp:4 T:1605  Burdened

Latest messages:
 You avoid harm.
 The grid bug just misses!
 You kill the grid bug!
 You see here a bat corpse.
 You fall down the stairs.
 In what direction? j
 The spell hits the floating eye!
 You kill the floating eye!
 What do you want to use or apply? [cdk-nuBCL or ?*] d
 You now wield a pick-axe.
 In what direction do you want to dig? [hnjb>] h
 You start chipping the statue.
 You hear a door open.
 You hit the statue with all your might.
 The statue shatters.
 What do you want to wield? [- adD or ?*] a
 a - a blessed +1 quarterstaff (weapon in hands).
 That door is closed.
 The door opens.
 That door is closed.
 You see here a chain mail.
 The door opens.
 You miss the giant ant.
 The giant ant bites!
 The giant ant bites!
 You hit the giant ant.
 The giant ant bites!
 You miss the giant ant.
 The giant ant bites!
 In what direction? j
 The spell misses the giant ant.
 The giant ant bites!
 The giant ant bites!
 The giant ant bites!
 In what direction? j
 The spell misses the giant ant.
 The giant ant bites!
 In what direction? j
 The spell hits the giant ant!
 You kill the giant ant!
 You hit the giant ant!
 The giant ant bites!
 The giant ant bites!
 You hit the giant ant!
 You knock the giant ant backward with a powerful blow!
 In what direction? j
 The spell misses it.
 The giant ant bites!
 You die...
 Do you want your possessions identified? [ynq] (y) q

Inventory:
 Coins    ('$')
  $ - 42 gold pieces
 Amulets  ('"')
  J - a cursed amulet of restful sleep
  I - an uncursed amulet versus poison
 Weapons  (')')
  D - a +0 dagger
  a - a blessed +1 quarterstaff (weapon in hands)
 Armor    ('[')
  b - an uncursed +0 cloak of magic resistance (being worn)
 Comestibles  ('%')
  q - an uncursed food ration
 Scrolls  ('?')
  y - a blessed scroll of blank paper
  i - 2 uncursed scrolls of blank paper
  G - an uncursed scroll of create monster
  A - an uncursed scroll of earth
  x - an uncursed scroll of enchant armor
  z - an uncursed scroll of enchant weapon
  j - an uncursed scroll of teleportation
  H - a cursed scroll of teleportation
 Spellbooks  ('+')
  u - an uncursed spellbook of create monster
  L - an uncursed spellbook of detect unseen
  k - a blessed spellbook of force bolt
  l - an uncursed spellbook of knock
 Potions  ('!')
  o - an uncursed potion of healing
  h - 2 blessed potions of object detection
  f - 2 uncursed potions of object detection
  r - an uncursed potion of see invisible
  K - an uncursed potion of sickness
 Rings    ('=')
  v - a cursed ring of aggravate monster named cursed
  E - an uncursed ring of free action
  e - an uncursed ring of polymorph
  p - an uncursed ring of shock resistance
 Wands    ('/')
  c - a wand of stasis (0:5)
 Tools    ('(')
  n - an uncursed leather drum
  C - a cursed magic lamp
  m - a magic marker (0:22)
  d - a +0 pick-axe
  B - an uncursed tallow candle

IanCurtis the Wizard's attributes:

Background:
 You were a Conjurer, a level 4 male elven Wizard.
 You were chaotic, nominally on a mission for Anhur
 who was opposed by Ptah (lawful) and Thoth (neutral).
 You were right-handed.
 You were in the Dungeons of Doom, on level 5.
 You entered the dungeon 1605 turns ago.
 It was nighttime.
 You had 119 experience points, 41 more were needed to attain level 5.

Basics:
 You had 0 out of 25 hit points.
 You had 45 out of 63 energy points (spell power).
 Your armor class was 9.
 Your wallet contained 42 zorkmids.
 Autopickup was off.

Final Characteristics:
 Your strength was 13 (limit:18).
 Your dexterity was 11 (limit:18).
 Your constitution was 11 (limit:16).
 Your intelligence was 20 (limit:20).
 Your wisdom was 17 (limit:20).
 Your charisma was 11 (limit:18).

Final Status:
 You weren't hungry.
 You were burdened; movement was slightly slowed.
 You were wielding a quarterstaff.
 You had basic skill with quarterstaff.

Final Attributes:
 You were devoutly aligned.
 You were magic-protected.
 You were sleep resistant.
 You had infravision.
 You were warded.
 You are dead.

Miscellaneous:
 You didn't encounter any bones levels.
 Total elapsed playing time was 7 minutes and 46 seconds.

Major events:
 Turn
    1: IanCurtis the chaotic male elven Wizard entered the dungeon
  774: attained the rank of Conjurer (level 3)
  965: entered the Gnomish Mines
 1605: killed by a giant ant

Spells:
 Name                 Level Category     Fail Retention
 force bolt             1   attack         0%  91%-100%
 knock                  1   matter         0%  76%-100%

Skills:
 Fighting Skills
   bare handed combat [Unskilled]
   riding             [Unskilled]
 Weapon Skills
   dagger             [Unskilled]
   knife              [Unskilled]
   axe                [Unskilled]
   short sword        [Unskilled]
   club               [Unskilled]
   mace               [Unskilled]
   quarterstaff       [Basic]
   polearms           [Unskilled]
   spear              [Unskilled]
   trident            [Unskilled]
   sling              [Unskilled]
   dart               [Unskilled]
   shuriken           [Unskilled]
 Spellcasting Skills
   attack spells      [Basic]
   healing spells     [Unskilled]
   divination spells  [Unskilled]
   enchantment spells [Basic]
   clerical spells    [Unskilled]
   escape spells      [Unskilled]
   matter spells      [Unskilled]

Voluntary challenges:
 Character rerolling was not enabled.
 You were an atheist.
 You were illiterate.
 You never genocided any monsters.
 You never polymorphed an object.
 You never changed form.
 You used no wishes.
Achievements:
 You entered a shop.
 You attained the rank of Conjurer.
 You entered the Gnomish Mines.

 The Dungeons of Doom: levels 1 to 5
    Level 1:
       Some fountains.
    Level 2:
       An armor shop.
    Level 3:
    Level 4:
       A fountain, some graves.
       Stairs down to The Gnomish Mines.
    Level 5: <- You were here.
       Final resting place for
          you, killed by a giant ant.
 The Gnomish Mines:
    Level 5:


Vanquished creatures:
  a giant ant
  a floating eye
  2 dwarves
  2 dwarf zombies
  a hobbit
  2 large kobolds
  a giant rat
  a brown mold
  2 gnomes
  a gecko
  6 jackals
  a kobold
  a goblin
  a sewer rat
  7 grid bugs
  a bat
  2 lichens
  a newt
34 creatures vanquished.

No species were genocided or became extinct.

Game over:
                       ----------
                      /          \
                     /    REST    \
                    /      IN      \
                   /     PEACE      \
                  /                  \
                  |    IanCurtis     |
                  |      42 Au       |
                  |   killed by a    |
                  |    giant ant     |
                  |                  |
                  |                  |
                  |       2026       |
                 *|     *  *  *      | *
        _________)/\\_//(\/(/\)/\//\/|_)_______

Goodbye IanCurtis the Wizard...

You died in The Dungeons of Doom on dungeon level 5 with 714 points,
and 42 pieces of gold, after 1605 moves.
You were level 4 with a maximum of 25 hit points when you died.

